 Dungeon Crawl Stone Soup version 0.20.2-3-g29329e0561 (webtiles) character file.

154 Alfie the Covered (level 5, -4/46 HPs)
             Began as a Hill Orc Fighter on Jan 10, 2024.
             Slain by an ogre
             ... wielding a cursed -1 giant spiked club
              (22 damage)
             ... on level 4 of the Dungeon.
             The game lasted 00:05:50 (2074 turns).

Alfie the Covered (Hill Orc Fighter)                Turns: 2074, Time: 00:05:50

Health: -4/46      AC:  7    Str: 20    XL:     5   Next: 35%
Magic:  5/5        EV:  7    Int:  8    God:
Gold:   132        SH:  9    Dex: 10    Spells: 4/4 levels left

rFire    . . .     SeeInvis .   a - +0 rapier
rCold    . . .     Gourm    .   c - +0 shield
rNeg     . . .     Faith    .   b - +0 scale mail
rPois    +         Spirit   .   (no helmet)
rElec    .         Reflect  .   (no cloak)
rCorr    .         Harm     +   (no gloves)
MR       .....                  (no boots)
Stlth    +.........             p - amulet of harm
Regen    0.2/turn               q - ring of poison resistance
MPRegen  0.1/turn               u - ring of stealth

@: no status effects
A: no striking features
a: no special abilities


You were on level 4 of the Dungeon.
You were not hungry.

You visited 1 branch of the dungeon, and saw 4 of its levels.

You collected 132 gold pieces.

Inventory:

Hand Weapons
 a - a +0 rapier (weapon)
Armour
 b - a +0 scale mail (worn)
 c - a +0 shield (worn)
Jewellery
 p - an amulet of harm (around neck)
 q - a ring of poison resistance (left hand)
 u - a ring of stealth (right hand)
Wands
 r - a wand of disintegration (15/24)
 z - a wand of iceblast (4/15)
Scrolls
 e - 2 scrolls of remove curse
 g - 3 scrolls of recharging
 i - 4 scrolls of teleportation
 k - a scroll of fog
 n - a scroll of immolation {unknown}
 o - a scroll of fear {unknown}
 s - 2 scrolls of identify {unknown}
 t - a scroll of enchant armour {unknown}
 x - a scroll of magic mapping {unknown}
 y - a scroll of enchant weapon {unknown}
Potions
 d - a potion of might
 h - 3 potions of mutation {unknown}
 l - 3 potions of curing {unknown}
 m - a potion of lignification {unknown}
 v - a potion of magic {unknown}
 w - a potion of flight {unknown}
Comestibles
 f - 3 bread rations
 j - a meat ration
 A - a royal jelly


   Skills:
 + Level 4.1 Fighting
 + Level 3.4 Short Blades
 + Level 4.4 Armour
 + Level 0.4 Dodging
 + Level 4.1 Shields


You had 4 spell levels left.
You didn't know any spells.

Dungeon Overview and Level Annotations

Branches:
Dungeon (4/15)
 Temple: D:4-7

Altars:
Makhleb

Shops:
D:4 (=((


Message History

Found 17 stones.
Found a chain mail.
There is an entrance to Vetagig's Antique Weapon Shoppe here.
You open the large door.
There is a large open door here.
There is a large open door here.
An ogre comes into view. It is wielding a giant spiked club.
You block the ogre's attack.
You puncture the ogre!
The ogre is heavily wounded.
Your shield and scale mail prevent you from hitting the ogre.
The ogre is heavily wounded.
The ogre barely misses you.
You barely miss the ogre.
The ogre is heavily wounded.
The ogre hits you with a giant spiked club!
You barely miss the ogre.
The ogre is heavily wounded.
The ogre hits you with a giant spiked club!!
You die...

...# #........# # ...# #.#
#........# # ..#### #.#
#........## # #####+ #....# #.#
#.........### ...... #....# #.#
#............ ......###....# #.#
#.......#.∩.# .............# #.#
#.........†.#
.............###.###.........#..
..............O@...'........####
.............###∩###........##..
.......##....##....#........##..
....... #....##....##.########..
....... +....''...[+.(..........
....... #....##....##...........
######. #....##....##...........
#. #....##(...##........... #.
#....##....##...........


You could see an ogre.

Vanquished Creatures
  An iguana (D:4)
  Terence (D:2)
  3 adders
  An ooze (D:3)
  4 worms
  3 dart slugs
  2 leopard geckos
  3 giant cockroaches
  5 goblins
  6 hobgoblins
  2 jackals (D:2)
  A quokka (D:2)
  A ball python (D:1)
  7 bats
  5 frilled lizards
  5 kobolds
  7 rats
57 creatures vanquished.

Notes
Turn   | Place    | Note
-------+----------+-------------------------------------------
     0 | D:1      | Alfie the Hill Orc Fighter began the quest for the Orb.
     0 | D:1      | Reached XP level 1. HP: 19/19 MP: 1/1
    91 | D:1      | Reached XP level 2. HP: 22/27 MP: 2/2
   505 | D:2      | Noticed Terence
   518 | D:2      | Killed Terence
   518 | D:2      | Reached XP level 3. HP: 28/33 MP: 3/3
   744 | D:2      | Reached XP level 4. HP: 40/40 MP: 4/4
   753 | D:2      | Found a burning altar of Makhleb.
  1899 | D:4      | Reached XP level 5. HP: 46/46 MP: 5/5
  1960 | D:4      | Found Fysir's Antique Weapon Boutique.
  1982 | D:4      | Found Zysor's Weapon Shop.
  2015 | D:4      | Found Xiwugigg's Jewellery Boutique.
  2041 | D:4      | Found Vetagig's Antique Weapon Shoppe.
  2057 | D:4      | Noticed an ogre
  2074 | D:4      | Slain by an ogre

Skill      XL: |  1  2  3  4 |
---------------+-------------+-----
Armour         | 4 |  4.4
Short Blades   | 3 |  3.4
Shields        | 4 |  4.1
Fighting       | 4 |  4.1
Dodging        | |  0.4

Action                   |  1- 3 |  4- 6 || total
-------------------------+-------+-------++-------
Melee: Rapier            |    90 |   139 ||   229
  Use: Scroll            |       |     4 ||     4
  Eat: Bread ration      |       |     1 ||     1
Armor: Scale mail        |    41 |    41 ||    82
Dodge: Dodged            |    30 |    29 ||    59
Block: Shield            |    60 |    61 ||   121
